 Dungeon Crawl Stone Soup version 0.30.1-9-gdf580d7c3d (webtiles) character file.

Game seed: 2619950151776111532

83 fireball365 the Chopper (level 4, 0/41 HPs)
             Began as a Hill Orc Fighter on Oct 8, 2023.
             Slain by Crazy Yiuf
             ... wielding a +4 quarterstaff of chaos
              (2 damage)
             ... on level 2 of the Dungeon.
             The game lasted 00:04:45 (1909 turns).

fireball365 the Chopper (Hill Orc Fighter)          Turns: 1909, Time: 00:04:47

Health: 0/41       AC:  0    Str: 20    XL:     4   Next: 44%
Magic:  2/4        EV: 18    Int:  8    God:
Gold:   114        SH:  0    Dex: 10    Spells: 3/3 levels left

rFire   + . .        a - melded +0 war axe
rCold   + . .        c - melded +0 buckler
rNeg    . . .        b - melded +0 scale mail
rPois   +            (helmet currently unavailable)
rElec   +            (cloak currently unavailable)
rCorr   +            (gloves currently unavailable)
SInv    .            (boots currently unavailable)
Will    .....        (no amulet)
Stlth   +            (ring currently unavailable)
HPRegen 0.26/turn    (ring currently unavailable)
MPRegen 0.09/turn

%: no passive effects
@: agile, pig-form (expiring), resistant, very quick
A: fast, no casting, small
a: no special abilities


You were on level 2 of the Dungeon.
You were a filthy swine.
You visited 1 branch of the dungeon, and saw 2 of its levels.

You collected 114 gold pieces.

Inventory:

Hand Weapons
 a - a +0 war axe (melded)
Armour
 b - a +0 scale mail (melded)
 c - a +0 buckler (melded)
Scrolls
 i - a scroll of enchant armour
 j - a scroll of magic mapping
Potions
 d - a potion of might
 e - a potion of lignification
 g - a potion of curing
 h - a potion of attraction
 k - a potion of invisibility


   Skills:
 + Level 4.4 Fighting
 + Level 4.6 Axes
 + Level 3.5 Armour
 + Level 0.3 Dodging
 + Level 0.1 Stealth
 + Level 3.5 Shields


You had 3 spell levels left.
You didn't know any spells.
Your spell library contained the following spells:

 Spells                   Type           Power      Damage    Failure   Level
 Ensorcelled Hibernation  Hex/Ice        0%         N/A       54%         2
 Inner Flame              Hex/Fire       0%         N/A       78%         3
 Spider Form              Tmut/Pois      0%         N/A       78%         3
 Vhi's Electric Charge    Tloc/Air       0%         N/A       78%         3
 Anguish                  Hex/Necr       0%         N/A       99%         4
 Arcjolt                  Conj/Air       0%         1d10      100%        5
 Yara's Violent Unravell  Hex/Tmut       0%         3d3       100%        5
 Plasma Beam              Fire/Air       0%         2x1d11    100%        6
 Enfeeble                 Hex            0%         N/A       100%        7


Dungeon Overview and Level Annotations

Branches:
Dungeon (2/15)

Altars:

Shops:
D:1 =

Annotations:
D:2 Crazy Yiuf


Message History

Crazy Yiuf completely misses you.
Crazy Yiuf zaps a wand.
You turn into a filthy swine.
Your +0 war axe melds into your body.
Your +0 buckler melds into your body.
Your +0 scale mail melds into your body.
The now-empty wand crumbles to dust.
You barely miss Crazy Yiuf.
Crazy Yiuf is heavily wounded.
Crazy Yiuf yells, "Seed shrimp testudinal!"
Crazy Yiuf hits you with a +4 quarterstaff of chaos.
You feel your power leaking away.
You barely miss Crazy Yiuf.
Crazy Yiuf is heavily wounded.
Crazy Yiuf barely misses you.
You barely miss Crazy Yiuf.
Crazy Yiuf is heavily wounded.
You hit Crazy Yiuf.
Crazy Yiuf is severely wounded.
Crazy Yiuf barely misses you.
You hit Crazy Yiuf.
Crazy Yiuf is almost dead.
Crazy Yiuf laughs, "Gum!
Adder seventy mobile."
Crazy Yiuf hits you with a +4 quarterstaff of chaos!
You feel agile all of a sudden.
You barely miss Crazy Yiuf.
Crazy Yiuf is almost dead.
Crazy Yiuf barely misses you.
You hit Crazy Yiuf.
Crazy Yiuf is almost dead.
Crazy Yiuf grits, "Mountain!
Adder arm toodlewoodle."
Crazy Yiuf barely misses you.
You barely miss Crazy Yiuf.
Crazy Yiuf is almost dead.
Crazy Yiuf misses you.
You hit Crazy Yiuf but do no damage.
Crazy Yiuf is almost dead.
Your transformation is almost over.
Crazy Yiuf hits you with a +4 quarterstaff of chaos!
* * * LOW HITPOINT WARNING * * *
Crazy Yiuf freezes you.
You die...

...#.###.#
###..###
#########
..##.# #.#
#..).#
..##.# #.###
#....#
...#.# #...#
#...##
.....#######
##.##
......#....#
#.##
......#.####
##.#
......#.####
#.##
......#.#..#
##h#
......#.#.##
#g#
......#....#
...
......###.##
#...#
####### #.#
#..)# #.#
##### #.#
#.#
########.#


You could see Crazy Yiuf.

Vanquished Creatures
  2 adders (D:2)
  2 dart slugs
  2 ball pythons
  5 endoplasms
  3 giant cockroaches
  5 goblins
  2 hobgoblins (D:1)
  11 jackals (D:1)
  6 quokkas
  2 bats (D:1)
  4 frilled lizards
  5 kobolds (D:1)
  5 rats
54 creatures vanquished.

Notes
Turn   | Place    | Note
-------+----------+-------------------------------------------
     0 | D:1      | fireball365 the Hill Orc Fighter began the quest for the
                  | Orb.
     0 | D:1      | Reached XP level 1. HP: 19/19 MP: 1/1
   194 | D:1      | Reached XP level 2. HP: 27/27 MP: 2/2
   374 | D:1      | Reached XP level 3. HP: 27/33 MP: 3/3
   617 | D:1      | Found Yblegon's Jewellery Shoppe.
  1020 | D:2      | Reached XP level 4. HP: 27/41 MP: 4/4
  1585 | D:2      | Found a runed translucent door.
  1586 | D:2      | Noticed Crazy Yiuf
  1909 | D:2      | HP: 2/41 [Crazy Yiuf/+4 quarterstaff of chaos (17)]
  1909 | D:2      | Slain by Crazy Yiuf

Illustrated notes

Levels and vault maps discovered:
D:1:      dpeg_arrival_windows_large_door, layout_loops_cross, serial_shops,
          nicolae_shop_just_a_little_nook, minmay_cupped
D:2:      layout_loops_cross, uniq_crazy_yiuf_cottage

Skill      XL: |  1  2  3 |
---------------+----------+-----
Fighting       | 4 |  4.4
Axes           | 3 4 |  4.6
Armour         | |  3.5
Dodging        | |  0.3
Stealth        | |  0.1
Shields        | |  3.5

Action                     |  1- 3 |  4- 6 || total
---------------------------+-------+-------++-------
  Melee: War axe           |   135 |   116 ||   251
         Unarmed           |       |     9 ||     9
    Use: Scroll            |       |     6 ||     6
 Armour: Scale mail        |    76 |    17 ||    93
  Dodge: Dodged            |    68 |    17 ||    85
  Block: Buckler           |    42 |     8 ||    50
